 Dungeon Sprint DCSS version 0.27-a0-1191-g601b473118 (webtiles) character file.

Game seed: 2330483814196374163

133 mhtbhm the Digger (level 4, -3/21 HPs)
             Began as a Spriggan Earth Elementalist on May 23, 2021.
             Was an Initiate of Vehumet.
             Slain by a two-headed ogre
             ... wielding a +0 giant spiked club
              (24 damage)
             ... in the Dungeon (Sprint IX: "|||||||||||||||||||||||||||||") on May 24, 2021.
             The game lasted 00:03:41 (1198 turns).

mhtbhm the Digger (Spriggan Earth Elementalist)     Turns: 1198, Time: 00:03:41

Health: -3/21      AC:  2    Str:  4    XL:     4   Next: 94%
Magic:  13/13      EV: 21    Int: 20    God:    Vehumet [......]
Gold:   0          SH:  0    Dex: 15    Spells: 6/16 levels left

rFire    . . .     SeeInvis +   n - +8 Vampire's Tooth {vamp}
rCold    . . .     Faith    .   (shield restricted)
rNeg     . . .     Spirit   .   c - +0 robe
rPois    .         Reflect  .   (helmet restricted)
rElec    .         Harm     .   (no cloak)
rCorr    .         Rampage  .   (gloves unavailable)
Will     .....     NoTele   +   (boots unavailable)
Stlth    +++.......             (no amulet)
HPRegen  0.07/turn              l - +2 ring of evasion
MPRegen  0.13/turn              m - +3 ring of intelligence

@: very quick
A: very small, no large weapons, unfitting armour, see invisible, speed 3
a: Renounce Religion


You were in the Dungeon.
You worshipped Vehumet.
Vehumet was noncommittal.
You visited 1 branch

Inventory:

Hand Weapons
 n - the +8 Vampire's Tooth (weapon) {vamp}
   (You found it in the Dungeon)

   It inflicts no extra harm, but heals its wielder when it wounds a living foe.
Missiles
 b - 18 stones
Armour
 c - a +0 robe (worn)
Jewellery
 l - a +2 ring of evasion (left hand)
 m - a +3 ring of intelligence (right hand)
Wands
 k - a wand of acid (8)
Scrolls
 i - 2 scrolls of blinking
 j - 2 scrolls of amnesia
Potions
 a - a potion of invisibility
 d - 5 potions of curing
 e - 3 potions of heal wounds
 f - a potion of haste
 g - 4 potions of magic
 h - a potion of berserk rage


   Skills:
 + Level 4.9 Dodging
 + Level 4.8 Stealth
 + Level 6.8 Spellcasting
 + Level 1.7 Transmutations
 + Level 7.1 Earth Magic


You had 6 spell levels left.
You knew the following spells:

 Your Spells              Type           Power      Damage    Failure   Level
a - Sandblast             Erth           70%        2d15      1%          1
b - Passwall              Tmut/Erth      20%        N/A       2%          2
c - Stone Arrow           Conj/Erth      42%        3d9       6%          3
d - Petrify               Tmut/Erth      24%        N/A       16%         4

Your spell library contained the following spells:

 Spells                   Type           Power      Damage    Failure   Level
 Lee's Rapid Deconstruct  Erth           17%        3d12*     14%         5


Dungeon Overview and Level Annotations

Branches:
Dungeon (1/1)

Altars:
Cheibriados
Dithmenos
Elyvilon
Fedhas
Gozag
Hepliaklqana
Kikubaaqudgha
Makhleb
Nemelex Xobeh
Okawaru
Qazlal
Ru
Sif Muna
Trog
Uskayaw
Vehumet
Wu Jian
Xom
Yredelemnul
Zin
The Shining One
Beogh
Jiyva
Lugonu


Innate Abilities, Weirdness & Mutations

You are very small and have problems with some larger weapons.
You are too small for most types of armour.
You have supernaturally acute eyesight. (SInv)
You cover ground extremely quickly. (Speed+++)


Message History

Aim: a two-headed ogre, wielding two +0 giant spiked clubs (wandering, hasn't noticed you, 86% to hit)
The bolt of acid hits the two-headed ogre!
The two-headed ogre is splashed with acid.
The two-headed ogre is moderately wounded.
The two-headed ogre shouts in stereo!
The bolt of acid hits the shadow!
The shadow is splashed with acid.
The shadow is heavily damaged.
The bolt of acid hits the komodo dragon!
The komodo dragon is splashed with acid.
The acid corrodes the komodo dragon!
The komodo dragon is moderately wounded.
The komodo dragon hisses angrily.
The bolt of acid hits the vampire!
The vampire is splashed with acid.
The vampire is severely damaged.
The howler monkey howls!
The howler monkey hoots and howls with incredible vigour!
Unknown command.
Unknown command.
Aiming: Corrosive Bolt
Press: ? - help, Shift-Dir - straight line, f/p - two-headed ogre
Aim: a two-headed ogre, wielding two +0 giant spiked clubs (moderately wounded, 86% to hit)
The bolt of acid hits the two-headed ogre!
The two-headed ogre is splashed with acid.
The acid corrodes the two-headed ogre!
The two-headed ogre is heavily wounded.
The bolt of acid hits the shadow!
The shadow is splashed with acid!
The acid corrodes the shadow!
You destroy the shadow!
Vehumet accepts your kill.
The bolt of acid hits the komodo dragon!
The komodo dragon is splashed with acid.
The komodo dragon seems to be corroded for longer.
The komodo dragon is severely wounded.
The bolt of acid hits the vampire.
The vampire is splashed with acid.
The acid corrodes the vampire!
The vampire is almost destroyed.
The two-headed ogre completely misses you.
The two-headed ogre hits you with a +0 giant spiked club!!
Ouch! That really hurt!
You die...

▓h▓
▓y▓
▓V▓
▓.▓
▓l▓
▓.▓
▓O▓
▓@▓
▓.▓
▓[▓
▓.▓
▓[▓
▓.▓
▓)▓
▓.▓
▓.▓


You could see a two-headed ogre (corroded), a komodo dragon (corroded), a
vampire (corroded), a howler monkey (catching breath) and a killer bee.

Vanquished Creatures
  A shadow (D)
  A black bear (D)
  A hound (D)
  A dart slug (D)
  An orc (D)
  A hobgoblin (D)
  A jackal (D)
  A ball python (D)
  A ball python skeleton (D)
  A goblin (D)
  A rat (D)
11 creatures vanquished.

Notes
Turn   | Place    | Note
-------+----------+-------------------------------------------
     0 | D        | mhtbhm the Spriggan Earth Elementalist began the quest for
                  | the Orb.
     0 | D        | Reached XP level 1. HP: 9/9 MP: 5/5
     5 | D        | Reached skill level 3 in Earth Magic
   254 | D        | Reached skill level 4 in Earth Magic
   429 | D        | Noticed a hound
   429 | D        | Noticed a black bear
   437 | D        | Killed a black bear
   438 | D        | Reached skill level 6 in Earth Magic
   438 | D        | Reached XP level 2. HP: 12/13 MP: 2/10
   438 | D        | Reached XP level 3. HP: 15/16 MP: 2/11
   438 | D        | Reached XP level 4. HP: 20/21 MP: 2/13
   717 | D        | Learned a level 2 spell: Passwall
   721 | D        | Learned a level 3 spell: Stone Arrow
  1094 | D        | Reached skill level 7 in Earth Magic
  1124 | D        | Found a snail-covered altar of Cheibriados.
  1124 | D        | Found a shadowy altar of Dithmenos.
  1124 | D        | Found a white marble altar of Elyvilon.
  1124 | D        | Found a blossoming altar of Fedhas.
  1124 | D        | Found an opulent altar of Gozag.
  1125 | D        | Found a hazy altar of Hepliaklqana.
  1126 | D        | Found a viscous altar of Jiyva.
  1127 | D        | Found an ancient bone altar of Kikubaaqudgha.
  1128 | D        | Found a corrupted altar of Lugonu.
  1129 | D        | Found a burning altar of Makhleb.
  1130 | D        | Found a sparkling altar of Nemelex Xobeh.
  1131 | D        | Found an iron altar of Okawaru.
  1132 | D        | Found a stormy altar of Qazlal.
  1133 | D        | Found a sacrificial altar of Ru.
  1134 | D        | Found a shimmering blue altar of Sif Muna.
  1135 | D        | Found a bloodstained altar of Trog.
  1136 | D        | Found a hide-covered altar of Uskayaw.
  1137 | D        | Found a radiant altar of Vehumet.
  1138 | D        | Found an ornate altar of the Wu Jian Council.
  1139 | D        | Found a shimmering altar of Xom.
  1140 | D        | Found a basalt altar of Yredelemnul.
  1141 | D        | Found a glowing silver altar of Zin.
  1142 | D        | Found a glowing golden altar of the Shining One.
  1145 | D        | Became a worshipper of Vehumet
  1152 | D        | Found the +8 Vampire's Tooth {vamp}
  1196 | D        | Learned a level 4 spell: Petrify
  1196 | D        | Noticed a vampire
  1196 | D        | Noticed a komodo dragon
  1196 | D        | Noticed a shadow
  1196 | D        | Noticed a two-headed ogre
  1198 | D        | Killed a shadow
  1198 | D        | Slain by a two-headed ogre

Illustrated notes

Levels and vault maps discovered:
D:        linesprint [early_d, line_temple, items_1, d_10, items_2, lair_1,
          lair_end, items_3, orc_1, orc_end, items_4, d_15, swamp_1, shoals_1,
          snake_1, spider_1, d_20, vaults_1, items_5, swamp_end, shoals_end,
          snake_end, spider_end, vaults_end, d_27, items_6, zot_1, zot_end,
          crypt_end, forest_end, elf_end, slime_end, tomb_end, abyss_end,
          pan_hell_end]

Skill      XL: |  1  2  3  4 |
---------------+-------------+-----
Earth Magic    | 6 7 |  7.1
Dodging        | 4 |  4.9
Stealth        | 4 |  4.8
Spellcasting   | 6 |  6.8
Transmutations | |  1.7

Action                   |  1- 3 |  4- 6 || total
-------------------------+-------+-------++-------
 Cast: Sandblast         |     9 |     3 ||    12
       Stone Arrow       |       |     3 ||     3
Evoke: Wand              |       |     2 ||     2
Dodge: Dodged            |       |     2 ||     2

Table legend: (Time is in decaauts)
 A = Elapsed time spent in this place.
 B = Non-inter-level travel time spent in this place.
 C = Inter-level travel time spent in this place.
 D = Time resting spent in this place.
 E = Time spent auto-exploring this place.
 F = Levels seen in this place.
 G = Mean time per level.
                   A        B        C        D        E       F      G
               +--------+--------+--------+--------+--------+-----+--------+
         Total |   1165 |   1165 |      0 |   1062 |      5 |   1 | 1165.0 |
       Dungeon |   1165 |   1165 |      0 |   1062 |      5 |   1 | 1165.0 |
               +--------+--------+--------+--------+--------+-----+--------+

Top non-repeatable levels by time:
       D: 1165 daAuts
